 Dungeon Crawl Stone Soup version 0.22.1-2-g9c5b331 (webtiles) character file.

142 Aryth the Bolt Thrower (level 5, -2/29 HPs)
             Began as a Kobold Arcane Marksman on Sept 20, 2018.
             Slain by a killer bee (5 damage)
             ... on level 3 of the Dungeon on Dec 28, 2018.
             The game lasted 00:16:44 (3939 turns).

Aryth the Bolt Thrower (Kobold Arcane Marksman)     Turns: 3939, Time: 00:16:44

Health: -2/29      AC:  2    Str: 10    XL:     5   Next: 50%
Magic:  6/6        EV: 15    Int: 14    God:
Gold:   168        SH:  0    Dex: 17    Spells: 5/6 levels left

rFire    . . .     SeeInvis .   k - +0 short sword
rCold    . . .     Gourm    .   (shield restricted)
rNeg     . . .     Faith    .   e - +0 robe
rPois    .         Spirit   .   (no helmet)
rElec    .         Reflect  .   (no cloak)
rCorr    .         Harm     .   (no gloves)
MR       .....                  (no boots)
Stlth    ++........             (no amulet)
HPRegen  0.09/turn              c - +3 ring of strength
MPRegen  0.10/turn              (no ring)

@: no status effects
A: small, carnivore
a: no special abilities


You were on level 3 of the Dungeon.
You were completely stuffed.

You visited 1 branch of the dungeon, and saw 3 of its levels.

You collected 168 gold pieces.

Inventory:

Hand Weapons
 a - a +0 hand crossbow
 j - a +0 hunting sling
 k - a +0 short sword (weapon)
 m - a cursed -3 hunting sling
Missiles
 d - 29 bolts
 r - 34 stones (quivered)
 u - 14 arrows
Armour
 e - a +0 robe (worn)
 g - a +0 chain mail
Jewellery
 c - a +3 ring of strength (left hand)
 s - an uncursed amulet of faith {unknown}
Wands
 n - a wand of flame (19)
Scrolls
 b - 5 scrolls of remove curse
 o - a scroll of teleportation
 q - a scroll of magic mapping {unknown}
Potions
 h - a potion of magic
 i - 3 potions of curing
 l - a potion of resistance
 p - a potion of flight {unknown}
 t - a potion of might {unknown}
Comestibles
 f - 8 rations


   Skills:
 - Level 1.1 Fighting
 - Level 4.7 Crossbows
 + Level 3.6 Throwing
 - Level 2.4 Dodging
 - Level 1.1 Spellcasting
 - Level 3.0 Hexes


You had 5 spell levels left.
You knew the following spells:

 Your Spells              Type           Power        Failure   Level  Hunger
a - Corona                Hex            #......      8%          1    ##.....

Your spell library contained the following spells:

 Spells                   Type           Power        Failure   Level  Hunger
 Slow                     Hex            #.......     12%         2    ###....
 Inner Flame              Hex/Fire       #.......     38%         3    ####...
 Portal Projectile        Hex/Tloc       #.....       38%         3    ####...
 Cause Fear               Hex            #.........   58%         4    #####..
 Leda's Liquefaction      Hex/Erth       #.........   80%         4    #####..


Dungeon Overview and Level Annotations

Branches:
Dungeon (3/15)

Altars:
Sif Muna
Wu Jian


Innate Abilities, Weirdness & Mutations

You are small and have problems with some larger weapons.
You are carnivorous and can eat meat at any time.


Message History

A killer bee comes into view.
The killer bee moves out of view.
r - 29 stones (gained 2)
A killer bee comes into view.
You see here a stone.
r - 30 stones (gained 1)
r - 32 stones (gained 2)
r - 33 stones (gained 1)
There is an escape hatch in the floor here.
r - 34 stones (gained 1)
The killer bee is too close now for your liking.
There are monsters nearby!
A killer bee comes into view. x2
The killer bee completely misses you.
The killer bee moves out of view.
The killer bee buzzes angrily. x2
The killer bee stings you! The killer bee stings you.
* * * LOW HITPOINT WARNING * * *
The killer bee stings you.
You die...

... .# ##. # #.. #.# # #.#
##.#$.####.# . ##. .....y..
... .# ## ##..y###.# .# #
##....y##.# #.# # ##
##.......#.####..#.# ##.
#........y.##.>....######.#
+.........@..............##
#.......[..##....######.##
##.......#.##.#..# ##.##
##.....##.......# ##.#
##...######.#### ##. ##'##
#.# #. #.# #.# #.
#.#######.# #. ##.........#
#.


You could see 4 killer bees.

Vanquished Creatures
  Jessica (D:3)
  4 adders
  2 worms
  3 dart slugs
  3 leopard geckos (D:2)
  4 orcs (D:3)
  8 bats
  2 giant cockroaches (D:1)
  8 goblins
  7 hobgoblins
  2 quokkas (D:3)
  2 ball pythons (D:1)
  6 frilled lizards
  3 kobolds
  6 rats
61 creatures vanquished.

Vanquished Creatures (others)
  A plant (D:2)
1 creature vanquished.

Grand Total: 62 creatures vanquished

Notes
Turn   | Place    | Note
-------+----------+-------------------------------------------
     0 | D:1      | Aryth the Kobold Arcane Marksman began the quest for the
                  | Orb.
     0 | D:1      | Reached XP level 1. HP: 12/12 MP: 2/2
    76 | D:1      | Reached skill level 3 in Crossbows
   110 | D:1      | Reached XP level 2. HP: 15/16 MP: 3/3
   394 | D:1      | Upgraded the game from 0.22.1-1-ga44c0e5 to
                  | 0.22.1-2-g9c5b331
   809 | D:1      | Reached skill level 4 in Crossbows
   809 | D:1      | Reached XP level 3. HP: 12/20 MP: 4/4
  1898 | D:2      | Found a deep blue altar of Sif Muna.
  1930 | D:2      | Reached XP level 4. HP: 19/25 MP: 5/5
  2027 | D:2      | Reached skill level 1 in Throwing
  3152 | D:3      | Reached XP level 5. HP: 23/29 MP: 6/6
  3734 | D:3      | Found an ornate altar of the Wu Jian Council.
  3750 | D:3      | Noticed Jessica
  3754 | D:3      | Killed Jessica
  3939 | D:3      | Slain by a killer bee

Skill      XL: |  1  2  3  4  5 |
---------------+----------------+-----
Crossbows      | 3 4 |  4.7
Throwing       | 2 3 |  3.6
Fighting       | |  1.1
Dodging        | |  2.4
Spellcasting   | |  1.1
Hexes          | |  3.0

Action                   |  1- 3 |  4- 6 || total
-------------------------+-------+-------++-------
Melee: Short sword       |    74 |   103 ||   177
 Fire: Hand crossbow     |    33 |    10 ||    43
Throw: Stone             |     9 |    12 ||    21
 Cast: Corona            |     1 |     2 ||     3
  Use: Scroll            |     4 |     5 ||     9
 Stab: Sleeping          |       |     1 ||     1
  Eat: Chunk             |    11 |     7 ||    18
Armor: Robe              |    19 |    14 ||    33
Dodge: Dodged            |    63 |    81 ||   144
